 Dungeon Crawl Stone Soup version 0.20-a0-214-gb74cb0e (webtiles) character file.

419 Goblin1989 the Cleaver (level 6, 0/53 HPs)
             Began as a Hill Orc Monk on Nov 27, 2016.
             Was a Believer of Okawaru.
             Slain by a mummy (7 damage)
             ... in an ossuary.
             The game lasted 00:09:38 (3059 turns).

Goblin1989 the Cleaver (Hill Orc Monk)              Turns: 3059, Time: 00:09:39

Health: 0/53       AC: 11    Str: 16    XL:     6   Next: 93%
Magic:  6/6        EV: 10    Int: 10    God:    Okawaru [**....]
Gold:   285        SH:  4    Dex: 13    Spells: 5/5 levels left

rFire  . . .     SeeInvis .     a - +0 hand axe
rCold  . . .     Gourm    .     p - +0 scale mail
rNeg   . . .     Faith    .     u - +0 buckler
rPois  .         Spirit   .     g - +2 hat
rElec  .         Reflect  .     d - +1 cloak
rCorr  .         Harm     .     r - +0 pair of gloves
MR     .....                    (no boots)
Stlth  ..........               (no amulet)
                                (no ring)
                                (no ring)

@: no status effects
A: no striking features
a: Heroism, Renounce Religion


You were in an ossuary.
You worshipped Okawaru.
Okawaru was pleased with you.
You were not hungry.

You visited 1 branch of the dungeon, and saw 5 of its levels.
You also visited: Ossuary.

You collected 285 gold pieces.

Inventory:

Hand Weapons
 a - a +0 hand axe (weapon)
Missiles
 b - 2 needles of sleeping
Armour
 d - a +1 cloak (worn)
 g - a +2 hat (worn)
 p - a +0 scale mail (worn)
 r - a +0 pair of gloves (worn)
 u - a +0 buckler (worn)
Scrolls
 e - 2 scrolls of immolation {!r}
 h - a scroll of fear
 o - a scroll of random uselessness {unknown}
Potions
 i - 4 potions of curing {unknown}
 j - a potion of agility
 k - a potion of flight {unknown}
 m - a potion of lignification {!q}
 q - a potion of haste {!q, @q3}
 t - 3 potions of heal wounds {!q, @q2}
 v - a potion of ambrosia
Comestibles
 c - 7 bread rations {@e1}
 f - 3 fruits
 l - 2 meat rations {@e2}
 n - a beef jerky


   Skills:
 + Level 4.7 Fighting
 * Level 8.5 Axes
 + Level 2.1 Armour
 - Level 2.4 Dodging
 - Level 1.5 Stealth
 + Level 1.5 Shields


You had 5 spell levels left.
You didn't know any spells.

Dungeon Overview and Level Annotations

Branches:
Dungeon (5/15)
 Temple: D:4-7

Altars:
Cheibriados
Elyvilon
Makhleb
Okawaru
Uskayaw


Message History

The mummy hits you but does no damage.
MP restored: 6 You hit the mummy but do no damage.
The mummy is heavily damaged.
You barely miss the mummy.
The mummy is heavily damaged.
The mummy hits you!
* * * LOW HITPOINT WARNING * * *
You take 12 damage, and have 6/53 hp.
MASSIVE DAMAGE!!
You closely miss the mummy.
The mummy is heavily damaged.
You hit the mummy.
The mummy is severely damaged.
The mummy closely misses you.
You barely miss the mummy.
The mummy is severely damaged.
You hit the mummy.
The mummy is almost destroyed.
The mummy hits you!
You die... ███ ███.███ ██!..!!██ █████ █?!?.?!.█ █...█ █M█

█...█ █@█ ██.██
███∆███ █.███
██.....██ ██.∆.█
██.......███..███
█.........█...∆.█
▲....Ψ....∆...███
█.........█...∆.█
██.......███..███
██.....██ ██.∆.█


You could see a mummy.

Vanquished Creatures
  A howler monkey (D:4)
  A centaur zombie (Ossuary)
  An orc priest (D:4)
  A hound (D:4)
  An orc wizard (D:4)
  2 iguanas
  A hound zombie (D:3)
  3 mummies (Ossuary)
  A gnoll (D:1)
  5 adders (D:3)
  A howler monkey skeleton (D:4)
  An ooze (D:1)
  A worm (D:4)
  3 dart slugs
  3 leopard geckos
  7 orcs (D:4)
  7 giant cockroaches
  3 hobgoblins
  4 jackals (D:3)
  3 quokkas
  7 bats
  2 frilled lizards (D:1)
  5 goblins
  A goblin zombie (Ossuary)
  6 kobolds
  A kobold zombie (Ossuary)
  An orc zombie (Ossuary)
  10 rats
83 creatures vanquished.

Notes
Turn   | Place    | Note
-------+----------+-------------------------------------------
     0 | D:1      | Goblin1989 the Hill Orc Monk began the quest for the Orb.
     0 | D:1      | Reached XP level 1. HP: 19/19 MP: 1/1
   214 | D:1      | Reached XP level 2. HP: 23/26 MP: 2/2
   264 | D:1      | Reached skill level 5 in Axes
   306 | D:1      | Reached XP level 3. HP: 28/31 MP: 3/3
   766 | D:2      | Reached skill level 6 in Axes
  1200 | D:2      | Found an iron altar of Okawaru.
  1209 | D:2      | Became a worshipper of Warmaster Okawaru
  1209 | D:2      | Reached * piety under Okawaru
  1209 | D:2      | Reached ** piety under Okawaru
  1327 | D:3      | Reached XP level 4. HP: 31/39 MP: 4/4
  1748 | D:3      | Reached skill level 7 in Axes
  1767 | D:3      | Reached XP level 5. HP: 40/46 MP: 5/5
  1938 | D:4      | Reached skill level 1 in Armour
  2566 | D:4      | Reached XP level 6. HP: 49/52 MP: 6/6
  2593 | D:4      | Reached skill level 8 in Axes
  2648 | D:4      | Found a white marble altar of Elyvilon.
  2648 | D:4      | Found a burning altar of Makhleb.
  2672 | D:4      | Reached skill level 1 in Shields
  2695 | D:4      | Found a faded altar of an unknown god.
  2698 | D:4      | Found a snail-covered altar of Cheibriados.
  2699 | D:4      | Found a hide-covered altar of Uskayaw.
  2845 | D:5      | Entered Level 5 of the Dungeon
  2923 | D:5      | Found a sand-covered staircase.
  2947 | Ossuary  | Entered an ossuary
  3059 | Ossuary  | Slain by a mummy

Vault maps used:
D:1:      tarquinn_simple_flora_water_d, minmay_tetromino_l2
D:2:      nicolae_overflow_hidden_temple, kennysheep_okawaru_gauntlet
D:3:      first_bread, kennysheep_generic_room_11
D:4:      chequers_temple_overflow_minitemple
D:5:      amethyst_overflow_temple_binary, chequers_ossuary_entry_cave
Ossuary:  ossuary_crypta

Skill      XL: |  1  2  3  4  5  6 |
---------------+-------------------+-----
Axes           | 5 6 7 8 |  8.5
Armour         | 1 2 |  2.1
Fighting       | 4 |  4.7
Shields        | 1 |  1.5
Dodging        | |  2.4
Stealth        | |  1.5

Action                   |  1- 3 |  4- 6 || total
-------------------------+-------+-------++-------
Melee: Hand axe          |   122 |   282 ||   404
Invok: Heroism           |       |     3 ||     3
  Use: Scroll            |       |     9 ||     9
 Stab: Sleeping          |     5 |       ||     5
  Eat: Chunk             |     1 |     6 ||     7
Armor: Robe              |    21 |       ||    21
       Ring mail         |       |    55 ||    55
       Scale mail        |       |    44 ||    44
Dodge: Dodged            |    91 |   122 ||   213
Block: Buckler           |       |    14 ||    14

Vault maps used:
D:1:      tarquinn_simple_flora_water_d, minmay_tetromino_l2
D:2:      nicolae_overflow_hidden_temple, kennysheep_okawaru_gauntlet
D:3:      first_bread, kennysheep_generic_room_11
D:4:      chequers_temple_overflow_minitemple
D:5:      amethyst_overflow_temple_binary, chequers_ossuary_entry_cave
Ossuary:  ossuary_crypta
